 Dungeon Crawl Stone Soup version 0.31-a0-691-g409c26a (webtiles) character file.

Game seed: 9122292909173384539

12713 Rogue the Jinx (level 11, -1/55 HPs)
             Began as a Spriggan Enchanter on Sept 6, 2023.
             Was a High Priest of Okawaru.
             Succumbed to Erica's bolt of poison
             ... on level 9 of the Dungeon.
             The game lasted 01:45:10 (11585 turns).

Rogue the Jinx (Spriggan Enchanter)                Turns: 11585, Time: 01:45:11

Health: -1/55      AC:  9    Str:  6    XL:     11   Next: 66%
Magic:  14/21      EV: 16    Int: 19    God:    Okawaru [*****.]
Gold:   308        SH:  5    Dex: 16    Spells: 12/22 levels left

rFire   . . .        h - +7 Throatcutter {drain, coup de grace}
rCold   + . .        N - +1 buckler
rNeg    . . .        I - +1 steam dragon scales
rPois   .            (helmet restricted)
rElec   .            q - +2 cloak
rCorr   .            (gloves unavailable)
SInv    +            (boots unavailable)
Will    ++...        (no amulet)
Stlth   ++++         k - ring of protection from cold
HPRegen 0.29/turn    E - ring of willpower
MPRegen 0.17/turn

%: no passive effects
@: brilliant, lethally poisoned (-1 -> -13), grasped by roots, constricted, very
quick
A: very small, no large weapons, unfitting armour, see invisible, speed 3
a: Renounce Religion, Heroism, Finesse, Duel


You were on level 9 of the Dungeon.
You worshipped Okawaru.
Okawaru was extremely pleased with you.
You visited 2 branches of the dungeon, and saw 10 of its levels.

You collected 644 gold pieces.
You spent 336 gold pieces at shops.

Inventory:

Hand Weapons
 d - a +0 antimagic short sword
 h - the +7 Throatcutter (weapon) {drain, coup de grace}
   (You found it on level 6 of the Dungeon)
 r - a +1 dagger of freezing
 w - a +1 hand axe of freezing
 z - a +0 dagger of holy wrath
 M - a +1 rapier of venom
Missiles
 a - 2 boomerangs
 y - 53 poisoned darts
 H - a throwing net (quivered)
 L - a curare-tipped dart
Armour
 j - an orb of mayhem
 m - the +2 robe of the Gloaming {Harm rF- Slay+5}
   (You found it on level 8 of the Dungeon)

   Slay+5:    It affects your accuracy & damage with ranged weapons and melee
   (+5).
   rF-:       It makes you vulnerable to fire.
   Harm:      It increases damage dealt and taken.
 q - a +2 cloak (worn)
 x - the -2 cloak "Fyitreapo" {+Inv}
   (Okawaru gifted it to you on level 8 of the Dungeon)

   +Inv:      It lets you turn invisible.
 I - +1 steam dragon scales (worn)
 N - a +1 buckler (worn)
Jewellery
 k - a ring of protection from cold (left hand)
 E - a ring of willpower (right hand)
 F - a ring of positive energy
Talismans
 f - a storm talisman
 l - a beast talisman
Wands
 c - a wand of flame (25)
 A - a wand of paralysis (7)
 D - a wand of light (6)
Scrolls
 e - a scroll of fog {unknown}
 i - a scroll of brand weapon {unknown}
 n - 7 scrolls of teleportation
 o - 2 scrolls of poison
 t - 2 scrolls of immolation
 u - 2 scrolls of blinking
 B - 3 scrolls of enchant weapon
 G - 3 scrolls of amnesia
Potions
 g - a potion of attraction
 p - 2 potions of lignification
 s - 3 potions of mutation
 v - a potion of cancellation
 C - a potion of enlightenment
 J - a potion of berserk rage {unknown}


   Skills:
 * Level 5.1 Fighting
 + Level 3.3(5.9) Short Blades
 + Level 5.7(6.0) Long Blades
 + Level 3.3 Throwing
 + Level 6.2 Dodging
 + Level 9.1 Stealth
 + Level 0.5 Shields
 + Level 6.4 Spellcasting
 * Level 4.9 Conjurations
 + Level 10.1 Hexes
 * Level 1.4 Translocations
 + Level 2.6 Ice Magic
 * Level 7.0 Invocations
 + Level 2.3 Evocations
 + Level 0.2 Shapeshifting


You had 12 spell levels left.
You knew the following spells:

 Your Spells              Type           Power      Damage    Failure   Level
a - Ensorcelled Hibernat  Hex/Ice        90%        N/A       1%          2
b - Confusing Touch       Hex            61%        N/A       1%          3
c - Blink                 Tloc           34%        N/A       16%         2
d - Dazzling Flash        Conj/Hex       100%       N/A       2%          3

Your spell library contained the following spells:

 Spells                   Type           Power      Damage    Failure   Level
 Kiss of Death            Conj/Necr      92%        2d12      7%          1
 Momentum Strike          Conj/Tloc      54%        3d9       8%          2
 Lesser Beckoning         Tloc           34%        N/A       16%         2
 Ignite Poison            Fire/Tmut/Pois 9%         N/A       50%         3
 Sticky Flame             Conj/Fire      23%        2d4       54%         4
 Dispel Undead            Necr           9%         3d8       88%         4
 Ignition                 Fire           4%         3d4       100%        8
 Tukima's Dance           Hex            Unusable   N/A       N/A         3

Dungeon Overview and Level Annotations

Branches:
Dungeon (9/15)             Temple (1/1) D:4             Orc (0/2) D:9
   Lair: D:8-11

Altars:
Ashenzari
Cheibriados
Dithmenos
Fedhas
Gozag
Hepliaklqana
Kikubaaqudgha
Makhleb
Nemelex Xobeh
Okawaru
Qazlal
Ru
Sif Muna
Trog
Uskayaw
Vehumet
Wu Jian
Xom
Yredelemnul
Zin
The Shining One

Shops:
D:1 =   D:3 ?

Annotations:
D:9 Erica


Innate Abilities, Weirdness & Mutations

You are very small and have problems with some larger weapons.
You are too small for most types of armour.
You have supernaturally acute eyesight. (SInv)
You cover ground extremely quickly. (Speed+++)


Message History

Things that are here:
a +0 hand axe; an orc corpse You hit Erica.
Erica is lightly wounded.
Erica hits you with a +3 scimitar of flaming!
Erica burns you.
An orc comes into view. It is wielding a +0 club.
Erica closely misses you.
You catch the helpless Erica completely off-guard!
You slash Erica! You drain Erica.
Erica is moderately wounded.
Erica hits you with a +3 scimitar of flaming!
Erica burns you. You block the orc's attack.
You catch the helpless Erica completely off-guard!
You slash Erica!
Erica is heavily wounded.
Erica zaps a wand.
The roots erupt in riotous growth!
The grasping roots grab you!
Erica is unaffected.
The grasping roots constrict you. The orc barely misses you.
You hear a bellow!
You hear a shout! x3; You hear a bellow!
You hear a shout! x5
Aiming: Bolt of Light
Press: ? - help, Shift-Dir - straight line, f - Erica
Aim: Erica, wielding a +3 scimitar of flaming, wearing a +0 robe and carrying a wand of roots (heavily wounded, blind, lightly drained, 68% to hit)
The bolt of light hits Erica!!
Erica is almost dead.
Erica is no longer blind.
Erica gestures at you while chanting. The bolt of poison hits you!
You are poisoned.
* * * LOW HITPOINT WARNING * * *
The grasping roots constrict you!
* * * LOW HITPOINT WARNING * * *
The orc barely misses you.
Okay, then.
Okay, then.
Okay, then.
It was a potion of brilliance.
You feel clever all of a sudden.
You die...

+..........#
#.)........# ...
#..........# ..
########'### #(#
##..)# .. #.##'#
##(## ###.#..
#o..# #.[.#.8.
#o8.# #.###...#
##@@.# #.#
#.#'###'#.## #.#
#.##...##.# #.#
#.##.>.# .# ###)#
#.##..)# .#
#..)####.#)###'#.#
#)#...#)..## #...
#.###.).8.# .8.'
#. ###...# ..#.


You could see Erica (drained) and 2 orcs.

Vanquished Creatures
  A centaur warrior (D:7)
  2 two-headed ogres
  Amaemon (D:8)
  A skeletal warrior (D:7)
  A deep elf pyromancer (D:7)
  A cyclops (D:7)
  An orange demon (D:8)
  Maggie (D:7)
  A tengu conjurer (D:7)
  An unseen horror (D:7)
  A troll (D:7)
  A hornet (D:8)
  Prince Ribbit (D:7)
  A shadow (D:7)
  A wyvern (D:8)
  7 yaks
  A basilisk (D:7)
  2 steam dragons (D:7)
  Menkaure (D:4)
  A vampire mosquito (D:7)
  A water moccasin (D:8)
  4 ice beasts
  5 sky beasts (D:7)
  7 orc warriors
  A black bear (D:5)
  An ogre (D:4)
  4 centaurs
  A phantom (D:5)
  13 kobold brigands
  9 bullfrogs
  4 scorpions
  6 killer bees (D:7)
  2 howler monkeys (D:7)
  7 hounds
  2 quasits (D:5)
  2 gnoll boudas
  6 orc priests
  A sleepcap (D:7)
  9 orc wizards
  4 iguanas
  7 gnolls
  5 adders
  3 shadow imps (D:5)
  6 white imps
  3 ufetubi (D:5)
  4 worms
  3 dart slugs (D:2)
  46 orcs
  4 ball pythons
  3 bats
  8 endoplasms
  7 giant cockroaches
  9 goblins
  5 hobgoblins
  5 jackals
  12 kobolds
  6 quokkas
  6 frilled lizards
  A rat (D:1)
260 creatures vanquished.

Notes
Turn   | Place    | Note
-------+----------+-------------------------------------------
     0 | D:1      | Rogue the Spriggan Enchanter began the quest for the Orb.
     0 | D:1      | Reached XP level 1. HP: 9/9 MP: 5/5
   221 | D:1      | Found Daukhlaph's Jewellery Emporium.
   284 | D:1      | Reached skill level 5 in Stealth
   284 | D:1      | Reached XP level 2. HP: 10/13 MP: 6/6
   287 | D:1      | Learned a level 2 spell: Ensorcelled Hibernation
   956 | D:2      | Reached skill level 4 in Hexes
   956 | D:2      | Reached XP level 3. HP: 17/17 MP: 8/8
   960 | D:2      | Learned a level 3 spell: Confusing Touch
   963 | D:2      | Learned a level 2 spell: Blink
  1626 | D:2      | Reached skill level 1 in Fighting
  1732 | D:2      | Reached XP level 4. HP: 22/22 MP: 6/9
  1821 | D:3      | Found a faded altar of an unknown god.
  2216 | D:3      | Found Adeuh's Magic Scroll Boutique.
  2224 | D:3      | Bought a scroll of teleportation for 36 gold pieces
  2224 | D:3      | Bought a scroll of blinking for 90 gold pieces
  2224 | D:3      | Bought a scroll of identify for 24 gold pieces
  2231 | D:3      | Found an ancient bone altar of Kikubaaqudgha.
  2823 | D:4      | Reached XP level 5. HP: 25/25 MP: 3/11
  2827 | D:4      | Learned a level 3 spell: Dazzling Flash
  3162 | D:4      | Reached skill level 1 in Translocations
  3340 | D:4      | Found a staircase to the Ecumenical Temple.
  3348 | Temple   | Entered the Ecumenical Temple
  3360 | Temple   | Became a worshipper of Warmaster Okawaru
  3623 | D:4      | Noticed Menkaure
  3642 | D:4      | Noticed an ogre
  3651 | D:4      | Killed an ogre
  3652 | D:4      | Reached skill level 1 in Conjurations
  3652 | D:4      | Reached XP level 6. HP: 30/30 MP: 12/12
  3746 | D:4      | Killed Menkaure
  3747 | D:4      | Reached skill level 5 in Hexes
  3747 | D:4      | Reached skill level 1 in Ice Magic
  3747 | D:4      | Reached skill level 1 in Invocations
  3982 | D:4      | Reached * piety under Okawaru
  3988 | D:4      | Reached XP level 7. HP: 32/35 MP: 3/14
  4481 | D:5      | Entered Level 5 of the Dungeon
  4838 | D:5      | Reached skill level 6 in Hexes
  5174 | D:5      | Reached ** piety under Okawaru
  5175 | D:5      | Reached skill level 1 in Evocations
  5561 | D:5      | Reached XP level 8. HP: 36/39 MP: 13/16
  5843 | D:5      | Found a shimmering altar of Xom.
  5843 | D:5      | Found a stormy altar of Qazlal.
  6234 | D:3      | Bought a scroll of enchant armour for 90 gold pieces
  6234 | D:3      | Bought a scroll of amnesia for 48 gold pieces
  6234 | D:3      | Bought a scroll of identify for 24 gold pieces
  6234 | D:3      | Bought a scroll of identify for 24 gold pieces
  6447 | D:6      | Found the +7 Throatcutter {drain, coup de grace}
  6475 | D:6      | Reached skill level 7 in Hexes
  6477 | D:6      | Reached skill level 5 in Spellcasting
  6666 | D:6      | Reached *** piety under Okawaru
  6862 | D:6      | Reached XP level 9. HP: 34/44 MP: 15/18
  6887 | D:6      | Reached skill level 1 in Long Blades
  7476 | D:7      | Reached skill level 1 in Throwing
  7480 | D:7      | Noticed Maggie
  7576 | D:7      | Noticed Prince Ribbit
  7584 | D:7      | Killed Prince Ribbit
  7585 | D:7      | Reached skill level 8 in Hexes
  7618 | D:7      | Noticed an unseen horror
  7623 | D:7      | Noticed a two-headed ogre
  7623 | D:7      | Noticed a skeletal warrior
  7623 | D:7      | Noticed a tengu conjurer
  7623 | D:7      | Noticed a cyclops
  7632 | D:7      | Killed an unseen horror
  7633 | D:7      | Reached skill level 5 in Dodging
  7649 | D:7      | Reached **** piety under Okawaru
  7994 | D:7      | Reached XP level 10. HP: 41/49 MP: 17/19
  8064 | D:7      | Reached skill level 5 in Invocations
  8151 | D:7      | Reached skill level 9 in Hexes
  8259 | D:7      | Reached ***** piety under Okawaru
  8323 | D:7      | Noticed a centaur warrior
  8331 | D:7      | Killed a centaur warrior
  8494 | D:7      | Killed a cyclops
  8494 | D:7      | Received a gift from Okawaru
  8939 | D:7      | Killed Maggie
  9190 | D:7      | Killed a skeletal warrior
  9191 | D:7      | Reached XP level 11. HP: 31/54 MP: 15/21
  9240 | D:7      | Noticed a deep elf pyromancer
  9250 | D:7      | Killed a two-headed ogre
  9286 | D:7      | Killed a deep elf pyromancer
  9625 | D:8      | Found a glowing golden altar of the Shining One.
  9626 | D:8      | Noticed a two-headed ogre
  9755 | D:8      | Noticed Amaemon
  9773 | D:8      | Reached skill level 5 in Long Blades
  9845 | D:8      | Killed a two-headed ogre
 10176 | D:8      | Found a blossoming altar of Fedhas.
 10236 | D:8      | Found a shadowy altar of Dithmenos.
 10271 | D:8      | Identified the +2 robe of the Gloaming {Harm rF- Slay+5}
 10953 | D:8      | Found a basalt altar of Yredelemnul.
 11269 | D:8      | Killed Amaemon
 11269 | D:8      | Identified the -2 cloak "Fyitreapo" {+Inv} (Okawaru gifted
                  | it to you on level 8 of the Dungeon)
 11269 | D:8      | Received a gift from Okawaru
 11270 | D:8      | Reached skill level 5 in Fighting
 11270 | D:8      | Reached skill level 10 in Hexes
 11548 | D:9      | Found a staircase to the Orcish Mines.
 11571 | D:9      | Noticed Erica
 11584 | D:9      | HP: 2/55 [constriction (7)]
 11585 | D:9      | Succumbed to Erica's bolt of poison

Illustrated notes

Levels and vault maps discovered:
D:1:      dpeg_arrival_rooms_b, layout_rooms, serial_shops, shop
D:2:      layout_basic, minmay_cupped
D:3:      layout_loops_ring, mainiacjoe_overflow_alcove_1, serial_shops,
          nicolae_shop_rolling_square, shapermc_ecumenical_altar_mp_highgroup,
          chequers_serial_rivers_micro_a
D:4:      layout_basic, minmay_temple_entry_stoned_glass, grunt_ministairs_14,
          serial_bayou_pond_a, uniq_menkaure
D:5:      layout_gridville, gammafunk_temple_overflow_elements, serial_demonic,
          serial_demonic_c, serial_demonic_f, serial_demonic_c,
          serial_demonic_g, serial_demonic_d, serial_demonic_f, serial_demonic_a
D:6:      layout_rooms, hangedman_decor_clover_reticule, serial_park_tiny_pond,
          chequers_serial_rivers_micro_e, dilly_guarded_unrand_throatcut
D:7:      nzn_winding_woodlands_large [nzn_winding_woodlands_5x5_closed_star,
          nzn_winding_woodlands_5x15_parted, nzn_winding_woodlands_5x5_default,
          nzn_winding_woodlands_center_lodge,
          nzn_winding_woodlands_15x15_killbox,
          nzn_winding_woodlands_center_pierced_h,
          nzn_winding_woodlands_5x5_checkerboard,
          nzn_winding_woodlands_5x15_default, nzn_winding_woodlands_5x5_cross],
          layout_cave_pools, uniq_prince_ribbit1, uniq_maggie
D:8:      layout_basic, lemuel_crystal_altar, nicolae_dithmenos_shadow_blocks,
          fedhas_altar_2, overflow_temple_1_default, kennysheep_windowed_goal,
          uniq_amaemon
D:9:      layout_roguey, hiddenorc2_lemuel, serial_shops, shop, uniq_erica
Temple:   nicolae_temple_great_sept

Skill      XL: |  1  2  3  4  5  6  7  8  9 10 11 |
---------------+----------------------------------+-----
Stealth        | 5 6 7 8 9 |  9.1
Hexes          | 4 5 6 7 8 9 10 | 10.1
Spellcasting   | 3 4 5 6 |  6.4
Fighting       | 1 2 3 4 5 |  5.1
Dodging        | 3 4 5 6 |  6.2
Translocations | 1 |  1.4
Conjurations   | 1 2 3 4 |  4.9
Short Blades   | 2 3 |  3.3
Ice Magic      | 1 2 |  2.6
Invocations    | 1 2 3 4 6 7 |  7.0
Evocations     | 1 2 |  2.3
Long Blades    | 3 4 5 |  5.7
Throwing       | 2 3 |  3.3
Shields        | |  0.5
Shapeshifting  | |  0.2

Action                     |  1- 3 |  4- 6 |  7- 9 | 10-12 || total
---------------------------+-------+-------+-------+-------++-------
  Melee: Dagger            |   105 |    84 |   149 |    17 ||   355
         Punch             |     1 |     1 |     5 |     2 ||     9
         Long sword        |       |       |   107 |   245 ||   352
  Throw: Stone             |    14 |     5 |       |       ||    19
         Dart              |       |       |    50 |    34 ||    84
   Cast: Ensorcelled Hiber |    24 |    31 |    30 |    11 ||    96
         Confusing Touch   |     2 |     2 |    16 |     4 ||    24
         Blink             |       |     3 |       |     1 ||     4
         Dazzling Flash    |       |     2 |    24 |    28 ||    54
 Invoke: Heroism           |       |       |     3 |     5 ||     8
         Finesse           |       |       |       |     1 ||     1
  Evoke: Wand              |       |     6 |    16 |    12 ||    34
    Use: Potion            |     1 |     1 |       |     3 ||     5
         Scroll            |       |     4 |     7 |     4 ||    15
   Stab: Sleeping          |    25 |    25 |    25 |    10 ||    85
         Confused          |     2 |     1 |    12 |     2 ||    17
         Invisible         |       |     1 |     6 |    19 ||    26
         Paralysed         |       |       |     4 |     7 ||    11
         Distracted        |       |       |     1 |     5 ||     6
 Armour: Robe              |    27 |    19 |   103 |    33 ||   182
         Steam dragon scal |       |       |       |    47 ||    47
  Dodge: Dodged            |    65 |    47 |   289 |   180 ||   581
  Block: Buckler           |       |       |       |    31 ||    31
   Form: Beast             |     1 |       |       |       ||     1
                           |       |     1 |       |       ||     1

Table legend: (Time is in decaauts)
 A = Elapsed time spent in this place.
 B = Non-inter-level travel time spent in this place.
 C = Inter-level travel time spent in this place.
 D = Time resting spent in this place.
 E = Time spent auto-exploring this place.
 F = Levels seen in this place.
 G = Mean time per level.
                   A        B        C        D        E       F      G
               +--------+--------+--------+--------+--------+-----+--------+
         Total |   8911 |   8298 |    613 |    278 |   5283 |  10 |  891.1 |
       Dungeon |   8895 |   8282 |    613 |    278 |   5283 |   9 |  988.3 |
        Temple |     15 |     15 |      0 |      0 |      0 |   1 |   15.0 |
               +--------+--------+--------+--------+--------+-----+--------+

Top non-repeatable levels by time:
     D:7: 1863 daAuts
     D:4: 1504 daAuts
     D:5: 1285 daAuts
     D:8: 1118 daAuts
     D:6: 902 daAuts
     D:2: 706 daAuts
     D:3: 697 daAuts
     D:1: 687 daAuts
     D:9: 129 daAuts
  Temple: 15 daAuts
